 Dungeon Crawl Stone Soup version 0.23-a0-359-g9beedce (webtiles) character file.

955 WhatTheFk the Chopper (level 7, -4/54 HPs)
             Began as a Demonspawn Gladiator on Oct 23, 2018.
             Was an Initiate of Okawaru.
             Slain by Pikel
             ... wielding a +0 whip of electrocution
              (20 damage)
             ... on level 5 of the Dungeon.
             The game lasted 00:12:45 (6983 turns).

WhatTheFk the Chopper (Demonspawn Gladiator)        Turns: 6983, Time: 00:12:47

Health: -4/54      AC: 10    Str: 16    XL:     7   Next: 91%
Magic:  17/17      EV:  7    Int:  9    God:    Okawaru [......]
Gold:   276        SH:  4    Dex: 15    Spells: 6/6 levels left

rFire    . . .     SeeInvis .   a - +0 war axe
rCold    . . .     Gourm    .   h - +0 buckler (curse)
rNeg     . . .     Faith    .   x - +0 chain mail (curse)
rPois    .         Spirit   .   n - +0 helmet
rElec    .         Reflect  .   (no cloak)
rCorr    .         Harm     .   (no gloves)
MR       .....                  (no boots)
Stlth    ..........             (no amulet)
HPRegen  0.18/turn              z - ring of magical power
MPRegen  0.15/turn              (no ring)

@: no status effects
A: claws 1, demonic guardian 1, spiny 1
a: Renounce Religion


You were on level 5 of the Dungeon.
You worshipped Okawaru.
Okawaru was noncommittal.
You were near starving.

You visited 2 branches of the dungeon, and saw 7 of its levels.

You collected 276 gold pieces.

Inventory:

Hand Weapons
 a - a +0 war axe (weapon)
 b - a +2 rapier of venom
Missiles
 d - 3 throwing nets (quivered)
 m - 21 poisoned needles
 q - 177 stones
 v - 5 javelins
Armour
 c - a +0 helmet
 h - a cursed +0 buckler (worn)
 n - a +0 helmet (worn)
 x - a cursed +0 chain mail (worn)
 A - a +0 leather armour
Jewellery
 t - a +4 ring of dexterity
 z - a ring of magical power (left claw)
Wands
 w - a wand of acid (7)
Scrolls
 e - a scroll of immolation
 i - 5 scrolls of remove curse {unknown}
 j - 5 scrolls of identify
 k - a scroll of amnesia {unknown}
 l - a scroll of fog {unknown}
 p - 2 scrolls of fear {unknown}
 r - 2 scrolls of random uselessness {unknown}
 y - 2 scrolls of enchant armour {unknown}
 B - a scroll of magic mapping {unknown}
Potions
 g - a potion of resistance {unknown}
 o - 3 potions of heal wounds {unknown}
 s - 2 potions of haste {unknown}
 u - a potion of cancellation {unknown}
Comestibles
 f - 14 rations


   Skills:
 + Level 4.2 Fighting
 + Level 6.4 Axes
 - Level 1.8 Throwing
 + Level 3.2 Armour
 - Level 2.9 Dodging
 + Level 1.9 Shields
 * Level 2.1 Invocations


You had 6 spell levels left.
You didn't know any spells.
Your spell library was empty.

Dungeon Overview and Level Annotations

Branches:
Dungeon (6/15)             Temple (1/1) D:5

Altars:
Ashenzari
Cheibriados
Dithmenos
Elyvilon
Fedhas
Gozag
Hepliaklqana
Kikubaaqudgha
Makhleb
Nemelex Xobeh
Okawaru
Qazlal
Ru
Trog
Vehumet
Wu Jian
Xom
Yredelemnul
Zin
The Shining One

Annotations:
D:1 exclusion: downstairs
D:5 Pikel


Innate Abilities, Weirdness & Mutations

You have sharp fingernails.
A weak demonic guardian rushes to your aid.
You are partially covered in sharp spines.


Message History

You hit Pikel but do no damage.
Pikel is severely wounded.
You closely miss the slave. Pikel is struck by your spines.
Pikel hits you but does no damage. The slave hits you.
* * * LOW HITPOINT WARNING * * *
You closely miss Pikel.
Pikel is severely wounded.
You hit the slave. You block Pikel's attack.
The slave is struck by your spines. The slave barely misses you.
You slash Pikel!
Pikel is almost dead.
You hit the slave. Pikel completely misses you.
The slave hits you but does no damage.
You miss Pikel.
Pikel is almost dead.
Your shield and chain mail prevent you from hitting the slave.
Pikel barely misses you. The slave hits you but does no damage.
Pikel smiles. "I know this place well.
And it is filled with the corpses of Pikel hits you but does no damage.
You are electrocuted!
You die...

##.# #..# #......##########.##
##.####..#####......# #.#
#............<##....# #.#
.........##.#.##.#### #.##
#.#####.###.#.##.# #... #.#
#.###.#.##[# #### #.#
#.##....##.# #.# #.##..####p# #.#
#.....# #@# #.# ####..# #K# #.#
#..# #5# #.########..# #.#
#...........####.#
#.....#..........###############
#.#...#...#.####...............##
#.#.#####...# #..#.##.#######...
#.#...#...#.#####.#.#...## ####


You could see Pikel, a slave and a friendly iron imp.

Vanquished Creatures
  Sigmund (D:2)
  Eustachio (D:6)
  A slave (D:5)
  A phantom (D:6)
  A centaur (D:5)
  A howler monkey (D:4)
  A jelly (D:2)
  2 hounds
  A bullfrog skeleton (D:6)
  An iguana (D:4)
  2 worker ants
  A hound zombie (D:5)
  A hound skeleton (D:4)
  Robin (D:2)
  7 adders
  A shadow imp (D:5)
  5 oozes
  An adder skeleton (D:6)
  3 worms
  3 dart slugs
  5 orcs
  A bat zombie (D:5)
  3 giant cockroaches
  19 goblins
  11 hobgoblins
  A jackal (D:2)
  17 kobolds
  5 quokkas
  6 bats
  2 frilled lizards
  4 rats
  5 rat zombies (D:5)
115 creatures vanquished.

Vanquished Creatures (collateral kills)
  A slave (D:5)
  2 ogres
  4 oozes (D:2)
  2 orcs (D:5)
  2 kobolds (D:2)
11 creatures vanquished.

Vanquished Creatures (others)
  13 toadstools
13 creatures vanquished.

Grand Total: 139 creatures vanquished

Notes
Turn   | Place    | Note
-------+----------+-------------------------------------------
     0 | D:1      | WhatTheFk the Demonspawn Gladiator began the quest for the
                  | Orb.
     0 | D:1      | Reached XP level 1. HP: 16/16 MP: 1/1
   155 | D:1      | Gained mutation: A weak demonic guardian rushes to your
                  | aid. [demonic ancestry]
   155 | D:1      | Reached XP level 2. HP: 22/22 MP: 2/2
   168 | D:1      | Reached skill level 3 in Axes
   745 | D:2      | Noticed Sigmund
   974 | D:2      | Found a stormy altar of Qazlal.
  1044 | D:2      | Reached XP level 3. HP: 27/27 MP: 3/3
  1089 | D:2      | Found an ornate altar of the Wu Jian Council.
  1104 | D:2      | Reached skill level 1 in Armour
  1122 | D:2      | HP: 1/28 [poisoned by an adder]
  1161 | D:2      | Noticed an ogre
  1182 | D:2      | Killed an ogre
  1182 | D:2      | Reached XP level 4. HP: 7/34 MP: 4/4
  1456 | D:2      | Noticed Robin
  1481 | D:2      | Killed Robin
  1493 | D:2      | Reached skill level 4 in Axes
  2488 | D:2      | HP: 1/34 [worm (6)]
  2492 | D:2      | Gained mutation: You have sharp fingernails. [demonic
                  | ancestry]
  2492 | D:2      | Reached XP level 5. HP: 2/39 MP: 5/5
  2959 | D:2      | Killed Sigmund
  3145 | D:2      | Reached XP level 6. HP: 45/47 MP: 6/6
  3175 | D:2      | Reached skill level 5 in Axes
  3447 | D:3      | Found a faded altar of an unknown god.
  3588 | D:3      | Found a glowing silver altar of Zin.
  4255 | D:4      | Reached skill level 1 in Shields
  4500 | D:4      | Gained mutation: You are partially covered in sharp spines.
                  | [demonic ancestry]
  4500 | D:4      | Reached XP level 7. HP: 49/53 MP: 7/7
  4876 | D:4      | Found a hazy altar of Hepliaklqana.
  4877 | D:4      | Found a shimmering altar of Xom.
  4877 | D:4      | Noticed a hell beast
  4878 | D:4      | Noticed a hell beast
  4878 | D:4      | Noticed a spectral ugly thing
  5241 | D:5      | Entered Level 5 of the Dungeon
  5241 | D:5      | Found an opulent altar of Gozag.
  5512 | D:5      | Found an ancient bone altar of Kikubaaqudgha.
  5670 | D:5      | Found a staircase to the Ecumenical Temple.
  5688 | D:5      | Reached skill level 6 in Axes
  5986 | Temple   | Entered the Ecumenical Temple
  6238 | Temple   | Became a worshipper of Warmaster Okawaru
  6349 | D:6      | Noticed Eustachio
  6366 | D:6      | Killed Eustachio
  6366 | D:6      | Reached skill level 1 in Invocations
  6695 | D:6      | Found a glowing golden altar of the Shining One.
  6734 | D:6      | Noticed Pikel
  6983 | D:5      | Slain by Pikel

Vault maps used:
D:1:      nagdon_arrival_double_spiral, dk_noncrumbling_3
D:2:      cheibrodos_fertilizer, marbit_many_paths, overflow_temple_1_default,
          st_stairs_12, uniq_robin, uniq_sigmund
D:3:      old_standard_altar, chequers_ecumenical_altar_simple
D:4:      regret_index_temple_of_mockery, first_ration
D:5:      lemuel_zombie_altar_kikubaaqudgha, nicolae_gozag_seed_capital,
          minmay_temple_entry_junction, hangedman_decor_opposing
D:6:      tso_metal_star, uniq_pikel, uniq_eustachio, uniq_duvessa,
          uniq_prince_ribbit1
Temple:   minmay_temple_bridge_abc

Skill      XL: |  1  2  3  4  5  6  7 |
---------------+----------------------+-----
Axes           | 3 4 5 6 |  6.4
Armour         | 1 2 3 |  3.2
Fighting       | 3 4 |  4.2
Shields        | 1 |  1.9
Invocations    | 2 |  2.1
Throwing       | |  1.8
Dodging        | |  2.9

Action                   |  1- 3 |  4- 6 |  7- 9 || total
-------------------------+-------+-------+-------++-------
Melee: War axe           |    81 |   251 |    93 ||   425
  Use: Scroll            |     1 |       |       ||     1
       Potion            |     1 |       |       ||     1
 Stab: Sleeping          |     1 |       |       ||     1
  Eat: Chunk             |     1 |    11 |     6 ||    18
Armor: Leather armour    |    25 |    61 |     1 ||    87
       Chain mail        |       |       |    55 ||    55
Dodge: Dodged            |    71 |   142 |    33 ||   246
Block: Buckler           |     5 |    51 |    27 ||    83

Table legend:
 A = Non-vault XP
 B = Vault XP
 C = Vault XP percentage of total XP
 D = Non-vault monster count
 E = Vault monster count
 F = Vault count percentage of total count
                 A         B        C        D         E       F
            +---------+---------+-------+---------+---------+-------
      Total |     907 |     458 |  33.6 |      83 |      41 |  33.1
            +---------+---------+-------+---------+---------+-------
        D:1 |      30 |       0 |   0.0 |      18 |       0 |   0.0
        D:2 |     138 |     301 |  68.6 |      22 |      34 |  60.7
        D:3 |      61 |       0 |   0.0 |      18 |       0 |   0.0
        D:4 |     207 |       0 |   0.0 |       9 |       0 |   0.0
        D:5 |     256 |       7 |   2.7 |      10 |       6 |  37.5
        D:6 |     215 |     150 |  41.1 |       6 |       1 |  14.3
            +---------+---------+-------+---------+---------+-------
